Map: Acropolis LE

Players

Marsman

  • Race: Protoss Protoss
  • League: Grandmaster
  • Spawn Location: 11:00

Zanster - Winner!

  • Race: Zerg Zerg
  • Spawn Location: 5:00

Event: NationWars 2019

VOD

Have the link to the VOD?

Description

Time

  • Played on: Oct. 1, 2019, 1:52 p.m.
  • Length: 27:39
Show
View Real Time Build Order
Export as new Build Order

Marsman Protoss 

Build Orders: 1 Gate Expand, Oracle Opening, Phoenix Opening, Carriers, Chargelot Immortal 

Get SALT Encoding   

  12  0:00  Probe  
  13  0:12  Probe  
  14  0:21  Pylon  
  14  0:25  Probe  
  15  0:39  Probe (Chrono Boost)  
  15  0:41  Gateway  
  16  0:45  Assimilator  
  17  0:51  Probe (Chrono Boost)  
  17  0:56  Probe (Chrono Boost)  
  18  1:05  Probe  
  19  1:17  Probe  
  20  1:25  Nexus  
  20  1:35  Cybernetics Core  
  20  1:37  Probe  
  21  1:43  Assimilator  
  21  1:49  Probe  
  21  1:52  Pylon  
  22  2:01  Probe  
  23  2:09  Adept (Chrono Boost)  
  23  2:14  Probe  
  26  2:21  Stargate  
  26  2:26  Probe  
  27  2:32  Pylon  
  27  2:34  Adept  
  29  2:37  Probe (Chrono Boost)  
  29  2:41  Probe (Chrono Boost), Warp Gate  
  31  2:49  Probe (Chrono Boost)  
  33  2:51  Probe (Chrono Boost)  
  33  2:54  Probe (Chrono Boost)  
  33  2:56  Probe (Chrono Boost)  
  35  3:03  Probe  
  36  3:06  Phoenix (Chrono Boost)  
  36  3:07  Probe  
  36  3:12  Gateway  
  39  3:15  Probe  
  39  3:19  Probe  
  41  3:21  Pylon  
  41  3:25  Oracle (Chrono Boost)  
  44  3:28  Probe  
  44  3:31  Probe  
  46  3:37  Assimilator  
  46  3:40  Probe, Assimilator  
  47  3:44  Probe  
  48  3:48  Pylon  
  48  3:53  Probe  
  49  3:55  Oracle (Chrono Boost)  
  49  3:57  Probe  
  53  4:05  Probe  
  53  4:09  Probe, Robotics Facility  
  55  4:12  Gateway  
  55  4:15  Gateway  
  55  4:18  Probe  
  56  4:27  Pylon  
  56  4:28  Oracle  
  59  4:32  Adept  
  59  4:33  Probe  
  62  4:38  Pylon  
  62  4:45  Probe x2  
  62  4:50  Sentry  
  66  4:53  Immortal (Chrono Boost)  
  70  5:00  Probe  
  70  5:01  Gateway  
  70  5:03  Gateway  
  68  5:22  Sentry x4  
  68  5:26  Warp Prism (Chrono Boost)  
  77  5:32  Pylon  
  77  5:36  Pylon  
  77  5:37  Nexus  
  77  5:39  Probe  
  78  5:46  Twilight Council  
  78  5:48  Forge  
  78  5:50  Probe  
  78  5:51  Sentry  
  78  5:52  Stalker  
  78  5:55  Observer  
  84  5:59  Stalker x2  
  84  6:01  Probe  
  89  6:12  Probe  
  89  6:13  Probe  
  89  6:16  Zealot  
  89  6:17  Protoss Ground Weapons Level 1 (Chrono Boost)  
  93  6:24  Probe  
  93  6:25  Pylon  
  94  6:27  Pylon  
  94  6:39  Charge  
  94  6:41  Immortal (Chrono Boost)  
  94  6:43  Probe x2  
  100  6:49  Templar Archives  
  100  6:53  Gateway  
  100  6:54  Probe  
  100  6:55  Probe, Gateway  
  100  6:57  Probe  
  103  7:01  Assimilator  
  103  7:04  Pylon  
  103  7:06  Assimilator  
  103  7:07  Probe x2  
  105  7:09  Probe  
  106  7:20  Probe  
  106  7:21  Phoenix (Chrono Boost)  
  109  7:24  Stargate  
  109  7:25  Immortal  
  109  7:28  Probe  
  109  7:29  Shield Battery x2  
  112  7:31  Probe  
  112  7:37  Probe  
  114  7:40  Pylon, Photon Cannon  
  114  7:43  Phoenix  
  116  7:47  High Templar x2  
  116  7:48  Probe  
  121  7:55  Probe  
  122  8:01  Photon Cannon  
  122  8:05  Probe  
  123  8:08  Phoenix  
  125  8:13  Archon, Zealot  
  125  8:14  Zealot x5  
  125  8:17  Pylon  
  139  8:20  Pylon  
  137  8:30  Psionic Storm, Immortal (Chrono Boost)  
  137  8:31  Probe  
  137  8:33  Probe  
  139  8:43  High Templar  
  139  8:44  High Templar x2  
  145  8:56  Nexus  
  145  8:57  Pylon, Probe  
  145  8:59  Pylon  
  146  9:04  High Templar x2  
  146  9:05  Zealot x3  
  155  9:10  Photon Cannon  
  155  9:12  Photon Cannon  
  155  9:40  Zealot  
  155  9:42  Pylon  
  155  9:43  Immortal  
  157  9:46  Pylon  
  155  9:56  Zealot x3  
  157  10:00  Protoss Ground Weapons Level 2 (Chrono Boost)  
  157  10:03  Stargate  
  157  10:05  Fleet Beacon  
  157  10:09  Probe  
  150  10:32  High Templar x2  
  150  10:33  High Templar x2  
  150  10:34  Zealot x4  
  158  10:38  Nexus, Archon  
  158  10:39  Pylon, Archon  
  158  10:41  Pylon  
  158  10:43  Pylon  
  170  10:52  Pylon  
  170  10:54  Pylon  
  170  10:56  Assimilator  
  170  10:58  Assimilator  
  170  10:59  Phoenix x2  
  170  11:01  Pylon  
  170  11:02  Anion Pulse-Crystals  
  170  11:03  Phoenix  
  162  11:10  Photon Cannon  
  160  11:12  Photon Cannon  
  160  11:14  Photon Cannon  
  160  11:15  Photon Cannon, Mothership (Chrono Boost)  
  168  11:18  Photon Cannon  
  168  11:20  Photon Cannon  
  168  11:21  Zealot  
  168  11:22  Zealot x5  
  180  11:26  Photon Cannon  
  180  11:27  Photon Cannon  
  180  11:29  Photon Cannon  
  180  11:30  Photon Cannon, Warp Prism (Chrono Boost)  
  180  11:32  Photon Cannon  
  180  11:34  Photon Cannon  
  194  11:40  Carrier x2 (Chrono Boost)  
  194  11:44  Zealot  
  196  11:59  Zealot  
  196  12:00  Zealot x2  
  199  12:15  Probe  
  192  12:19  Probe x2  
  192  12:21  Carrier (Chrono Boost)  
  190  12:27  Probe  
  197  12:31  Probe x2  
  197  12:34  Protoss Air Weapons Level 1  
  197  12:38  Gateway x2  
  197  12:39  Probe  
  197  12:40  Photon Cannon  
  197  12:42  Photon Cannon  
  194  12:51  Carrier (Chrono Boost)  
  188  13:37  Pylon, Nexus  
  188  13:43  Pylon  
  188  13:45  Pylon  
  188  13:48  Carrier x2 (Chrono Boost)  
  188  14:03  Protoss Ground Weapons Level 3 (Chrono Boost)  
  188  14:16  Cybernetics Core  
  188  14:19  Photon Cannon  
  188  14:20  Photon Cannon  
  188  14:21  Robotics Bay  
  188  14:23  Photon Cannon  
  188  14:25  Photon Cannon  
  188  14:27  Dark Shrine, Photon Cannon  
  188  14:29  Photon Cannon  
  188  14:31  Pylon  
  188  14:34  Assimilator  
  188  14:40  Assimilator  
  188  14:54  Protoss Air Weapons Level 2 (Chrono Boost)  
  188  14:57  Zealot x9  
  196  15:30  Zealot x2  
  196  15:31  Zealot x4  
  180  16:00  Protoss Air Armor Level 1 (Chrono Boost)  
  180  16:02  Assimilator  
  180  16:05  Dark Templar x4  
  180  16:06  Zealot x6  
  200  16:39  Warp Prism (Chrono Boost)  
  176  17:11  Dark Templar x3  
  176  17:12  Zealot x6  
  192  17:29  Zealot  
  194  17:33  Zealot x6  
  192  17:53  Carrier x2 (Chrono Boost)  
  200  18:03  Protoss Air Armor Level 2 (Chrono Boost)  
  200  18:06  Protoss Air Weapons Level 3 (Chrono Boost), Protoss Shields Level 1 (Chrono Boost)  
  197  18:24  Oracle  
  188  18:27  Stargate  
  188  18:29  Stargate  
  188  18:34  Robotics Facility  
  188  18:36  Robotics Facility  
  178  18:53  Dark Templar x3  
  184  18:59  Carrier (Chrono Boost), Oracle (Chrono Boost)  
  183  19:31  Carrier (Chrono Boost)  
  191  19:41  Carrier (Chrono Boost)  
  191  19:46  Zealot x4  
  187  20:00  Dark Templar  
  189  20:11  Protoss Shields Level 2 (Chrono Boost)  
  181  20:26  Protoss Air Armor Level 3 (Chrono Boost)  
  179  20:37  Zealot x5  
  179  20:38  Zealot x4  
  197  20:53  Disruptor  
  200  20:59  Nexus  
  200  21:00  Pylon  
  200  21:02  Pylon  
  198  21:21  Disruptor  
  181  21:38  Zealot x5  
  181  21:39  Zealot x5  
  197  21:46  Oracle  
  198  22:08  Assimilator  
  194  22:11  Photon Cannon  
  194  22:12  Oracle  
  194  22:14  Pylon  
  193  22:18  Photon Cannon  
  193  22:19  Assimilator, Photon Cannon  
  193  22:20  Pylon  
  193  22:21  Photon Cannon  
  193  22:22  Zealot x4  
  199  22:24  Photon Cannon  
  195  22:36  Zealot x3  
  182  23:07  Zealot x9  
  182  23:08  Zealot  
  194  23:22  Oracle  
  185  23:52  Disruptor  
  185  23:53  Disruptor  
  185  23:55  Carrier x2 (Chrono Boost)  
  197  24:06  Dark Templar x3  
  197  24:07  Zealot x6  
  197  24:08  Zealot  
  195  24:36  Nexus  
  194  24:39  Pylon  
  194  24:41  Pylon  
  194  24:43  Disruptor  
  175  25:08  Zealot x8  
  191  25:14  Assimilator  
  191  25:18  Assimilator  
  180  25:21  Photon Cannon  
  180  25:23  Photon Cannon  
  180  25:26  Photon Cannon  
  180  25:28  Photon Cannon  
  169  25:29  Photon Cannon  
  169  25:31  Photon Cannon  
  165  25:42  High Templar  
  166  25:43  High Templar x5  
  166  25:47  Zealot  
  166  25:48  Zealot  
  180  25:58  Carrier x3 (Chrono Boost), Archon x3  
  194  26:28  Zealot, Dark Templar x2  
  161  26:53  Stalker x6  
Show
View Real Time Build Order
Export as new Build Order

Zanster Zerg - Winner!

Build Orders: Hatch First, Brood Lord Corruptor, Muta Ling Bane 

Get SALT Encoding   

  12  0:00  Drone  
  13  0:13  Overlord  
  13  0:16  Drone  
  14  0:31  Drone x2  
  16  0:48  Hatchery  
  15  0:51  Drone  
  15  0:54  Drone  
  17  0:57  Drone  
  18  1:09  Extractor  
  17  1:13  Spawning Pool  
  17  1:16  Drone  
  17  1:18  Drone  
  18  1:28  Drone  
  19  1:39  Drone  
  20  1:50  Drone  
  21  1:59  Queen  
  21  2:00  Overlord, Queen  
  25  2:01  Zergling x2  
  26  2:11  Zergling x2  
  26  2:12  Drone  
  28  2:21  Drone  
  29  2:30  Drone  
  30  2:37  Queen  
  30  2:39  Pneumatized Carapace  
  30  2:42  Hatchery  
  30  2:43  Drone  
  32  2:48  Overlord  
  32  2:49  Drone  
  32  2:51  Drone  
  34  2:56  Overlord  
  33  3:00  Drone  
  33  3:04  Drone  
  35  3:10  Drone x2  
  35  3:11  Drone x2  
  39  3:17  Metabolic Boost, Drone  
  40  3:20  Drone x2  
  40  3:22  Drone  
  40  3:26  Drone  
  44  3:31  Overlord  
  44  3:32  Overlord  
  44  3:36  Queen  
  44  3:39  Drone  
  44  3:40  Drone  
  48  3:50  Spore Crawler, Drone  
  48  3:51  Drone x5  
  48  3:55  Spore Crawler  
  52  3:59  Drone x2  
  52  4:01  Drone  
  55  4:04  Zergling x2  
  55  4:07  Drone  
  57  4:12  Queen  
  57  4:14  Overlord  
  60  4:17  Drone x4  
  60  4:21  Drone  
  60  4:23  Overlord  
  64  4:25  Drone  
  64  4:26  Overlord  
  64  4:28  Spore Crawler  
  64  4:30  Drone  
  65  4:36  Lair  
  65  4:37  Roach Warren, Drone  
  65  4:44  Zergling x8  
  65  4:45  Drone x2  
  71  4:47  Overlord  
  71  4:52  Overlord  
  70  4:53  Zergling x6  
  70  4:54  Zergling x2  
  70  4:58  Extractor x3  
  70  4:59  Overlord  
  71  5:01  Evolution Chamber  
  71  5:03  Overlord  
  66  5:15  Drone x2  
  66  5:16  Drone x4  
  66  5:19  Drone  
  66  5:20  Drone x2  
  72  5:23  Drone  
  72  5:26  Overlord  
  73  5:34  Glial Reconstitution  
  73  5:35  Hatchery, Roach x5  
  82  5:41  Drone x2  
  84  5:50  Roach x5  
  84  5:52  Extractor  
  84  5:53  Overlord  
  84  5:54  Overlord  
  93  5:57  Drone x2  
  93  6:04  Overlord  
  94  6:09  Zergling x14  
  99  6:16  Zerg Melee Weapons Level 1  
  97  6:21  Drone x4  
  97  6:23  Drone  
  101  6:27  Spire  
  101  6:28  Extractor  
  101  6:29  Queen  
  101  6:31  Drone  
  99  6:36  Drone  
  99  6:37  Drone x4  
  102  6:41  Overlord  
  102  6:45  Roach x5  
  102  6:46  Roach  
  114  6:47  Roach  
  116  6:58  Overlord  
  116  7:00  Zergling x2  
  116  7:01  Zergling x8  
  120  7:04  Drone  
  120  7:05  Drone x2  
  123  7:13  Overlord  
  121  7:15  Spore Crawler  
  121  7:20  Drone x6  
  121  7:21  Drone  
  121  7:22  Overseer  
  124  7:33  Overlord  
  124  7:39  Mutalisk x8  
  124  7:41  Roach  
  124  7:42  Zergling x2, Roach  
  145  7:50  Zergling x2, Roach  
  145  7:51  Zergling x2  
  149  7:54  Overlord  
  149  7:56  Roach, Extractor  
  149  7:57  Roach x2  
  154  8:01  Overlord  
  153  8:12  Zerg Melee Weapons Level 2  
  153  8:14  Baneling Nest  
  153  8:15  Overlord  
  153  8:17  Drone x8  
  160  8:21  Drone, Hydralisk Den  
  160  8:22  Drone x7  
  160  8:26  Drone  
  167  8:28  Drone  
  167  8:29  Drone  
  167  8:31  Drone  
  170  8:36  Roach  
  170  8:37  Roach x6  
  183  8:43  Extractor  
  183  8:44  Roach x2  
  186  8:49  Overlord  
  186  8:56  Overlord  
  186  9:01  Roach  
  181  9:09  Zergling x32  
  197  9:10  Centrifical Hooks  
  197  9:13  Muscular Augments  
  197  9:14  Infestation Pit  
  197  9:16  Hatchery  
  193  9:17  Drone x2  
  193  9:18  Ravager  
  193  9:22  Drone  
  195  9:31  Zergling x10  
  180  10:00  Hive  
  180  10:01  Zergling x42  
  189  10:13  Roach x5  
  186  10:20  Zergling x2, Roach  
  175  10:26  Zergling x6, Roach x4  
  180  10:30  Ravager x9  
  180  10:32  Zergling x18  
  190  10:45  Baneling x26  
  190  10:48  Spore Crawler, Zergling x16  
  195  10:54  Ravager x5  
  195  10:55  Baneling x2  
  200  11:06  Zerg Ground Armor Level 1  
  200  11:07  Evolution Chamber  
  198  11:15  Adrenal Glands, Greater Spire  
  198  11:18  Zergling x4  
  199  11:33  Zerg Melee Weapons Level 3  
  199  11:36  Baneling  
  199  11:37  Baneling x11  
  196  11:57  Drone x7  
  181  12:18  Spine Crawler  
  181  12:20  Spine Crawler x2, Corruptor  
  181  12:21  Spine Crawler x2, Corruptor x8  
  181  12:22  Spine Crawler  
  186  12:29  Corruptor x2  
  175  12:33  Zergling x18  
  187  12:49  Hatchery  
  184  12:57  Zergling x10  
  189  13:01  Brood Lord x5  
  196  13:17  Pathogen Glands  
  196  13:19  Zerg Flyer Armor Level 1  
  196  13:20  Corruptor  
  196  13:28  Zerg Ground Armor Level 2, Extractor  
  192  13:35  Brood Lord  
  192  13:36  Extractor, Brood Lord  
  183  13:58  Infestor  
  183  13:59  Infestor x5  
  191  14:06  Zergling x24  
  191  14:08  Overseer x2  
  200  14:11  Overseer  
  200  14:12  Overseer, Overlord  
  200  14:13  Overlord  
  200  14:22  Burrow  
  200  14:24  Zerg Missile Weapons Level 1  
  199  14:42  Spore Crawler  
  199  14:45  Drone x2  
  200  14:46  Spore Crawler x2  
  200  14:47  Spore Crawler x2  
  200  14:49  Spore Crawler  
  200  14:50  Spore Crawler  
  186  15:07  Zergling x2  
  186  15:08  Zergling x26  
  197  15:16  Zerg Flyer Armor Level 2  
  185  15:27  Infestor x8  
  193  15:29  Neural Parasite  
  193  15:32  Zergling x40  
  199  15:41  Baneling x3  
  199  15:44  Hatchery  
  197  15:54  Spore Crawler  
  197  15:55  Spore Crawler x2, Brood Lord x2  
  197  15:56  Spore Crawler  
  199  15:57  Brood Lord  
  199  16:05  Overseer  
  199  16:06  Nydus Network  
  199  16:07  Nydus Network  
  198  16:19  Overseer  
  197  16:40  Drone x3  
  200  16:48  Hatchery  
  200  16:50  Spore Crawler  
  200  16:51  Spore Crawler  
  182  17:05  Spire  
  182  17:07  Corruptor x7  
  182  17:08  Corruptor x2  
  199  17:11  Zerg Missile Weapons Level 2  
  199  17:12  Zerg Ground Armor Level 3  
  199  17:25  Nydus Canal  
  199  17:26  Nydus Canal  
  193  17:34  Zergling x20  
  199  17:41  Overseer x2  
  190  17:53  Drone x4  
  190  17:57  Brood Lord  
  190  17:58  Brood Lord  
  196  17:59  Drone  
  197  18:15  Zerg Flyer Armor Level 3  
  197  18:17  Zerg Flyer Weapons Level 1  
  197  18:22  Drone  
  197  18:23  Drone x3  
  200  18:31  Nydus Canal  
  200  18:32  Nydus Canal  
  200  18:36  Hatchery  
  196  19:10  Hatchery  
  194  19:25  Spore Crawler  
  192  19:36  Nydus Canal  
  192  19:49  Corruptor x3  
  198  20:13  Zerg Flyer Weapons Level 2  
  195  20:34  Hatchery  
  193  20:35  Hatchery  
  193  20:41  Corruptor x2  
  193  20:42  Corruptor x2  
  183  20:51  Corruptor x8  
  199  21:22  Zergling x2  
  198  21:28  Spine Crawler  
  198  21:29  Hatchery  
  194  21:39  Spore Crawler, Corruptor x3  
  193  21:40  Spore Crawler  
  193  21:41  Spore Crawler x2  
  196  21:55  Zergling x8, Hatchery  
  196  21:57  Spine Crawler  
  198  22:05  Zergling x8  
  192  22:22  Baneling x2  
  191  22:23  Zergling x18  
  200  22:45  Zerg Missile Weapons Level 3  
  183  22:59  Drone x14  
  183  23:05  Infestor x5  
  196  23:29  Zergling x6  
  196  23:31  Baneling x6  
  199  23:48  Baneling  
  199  23:57  Overseer x2  
  199  24:05  Zergling x8  
  194  24:27  Zergling x12  
  194  24:29  Baneling  
  194  24:30  Baneling x7  
  194  24:47  Zergling x20  
  199  25:15  Baneling x8  
  198  26:18  Greater Spire  
  198  26:29  Corruptor  
  166  26:59  Corruptor  
  166  27:00  Corruptor x17  
Tags
 
Add a new tag
Caveats
  • Supply blocks, unpowered buildings, or Contaminate may cause inaccurate times.
  • Supply counts are checked every 10 seconds.